Map: Orbital Shipyard

Players

Kermit - Winner!

  • Race: Zerg Zerg
  • League: Platinum

SeoulFallen

  • Race: Zerg Zerg

VOD

Have the link to the VOD?

Description

Time

  • Played on: Nov. 14, 2015, 9:08 p.m.
  • Length: 8:29
Show
View Real Time Build Order
Export as new Build Order

Kermit Zerg - Winner!

Build Orders: Hatch First, Zergling Baneling 

Get SALT Encoding   

  12  0:00  Drone  
  13  0:13  Overlord  
  13  0:19  Drone  
  14  0:25  Drone, Extractor  
  15  0:31  Drone  
  15  0:35  Drone  
  17  0:46  Drone  
  18  0:57  Hatchery  
  18  1:01  Drone  
  18  1:02  Extractor  
  17  1:07  Drone  
  18  1:19  Spawning Pool  
  18  1:22  Drone  
  18  1:33  Overlord  
  18  1:39  Drone  
  19  1:50  Drone  
  20  2:05  Metabolic Boost, Queen  
  20  2:07  Drone  
  23  2:08  Queen  
  23  2:10  Zergling x2  
  23  2:15  Zergling x2  
  27  2:20  Zergling x2  
  28  2:25  Baneling Nest  
  28  2:27  Drone  
  28  2:30  Drone  
  28  2:34  Drone  
  30  2:44  Drone x2  
  32  2:53  Zergling x2  
  32  2:56  Drone  
  34  3:09  Drone  
  34  3:10  Drone  
  36  3:19  Baneling x2  
  36  3:23  Overlord x2  
  35  3:34  Baneling x3  
  35  3:35  Baneling  
  35  3:38  Zergling x2  
  35  3:41  Overlord  
  36  3:53  Zergling x8  
  36  3:54  Zergling x16  
  48  3:59  Extractor  
  48  4:00  Lair  
  48  4:01  Extractor  
  45  4:11  Drone  
  45  4:14  Extractor  
  45  4:15  Drone  
  45  4:16  Drone x2  
  47  4:26  Drone  
  47  4:28  Drone x4  
  47  4:29  Drone x2  
  54  4:31  Baneling x2  
  54  4:32  Baneling x2  
  52  4:49  Overlord x2  
  52  4:50  Drone x2  
  54  5:04  Overlord  
  54  5:07  Drone x2  
  54  5:08  Drone x3, Spire  
  54  5:12  Overlord  
  56  5:29  Overlord  
  56  5:30  Overlord  
  56  5:36  Drone x2  
  56  5:38  Zergling x8  
  62  5:47  Overseer  
  62  5:48  Hatchery  
  61  5:51  Overlord x2  
  56  6:09  Drone x4  
  56  6:10  Drone x4  
  64  6:19  Overseer  
  64  6:23  Mutalisk  
  64  6:24  Mutalisk x4, Zerg Flyer Armor Level 1  
  74  6:31  Extractor  
  73  6:35  Extractor  
  73  6:37  Mutalisk  
  74  6:41  Spine Crawler x3  
  74  6:46  Mutalisk  
  74  6:47  Mutalisk  
  71  6:49  Zergling x4  
  77  6:59  Zergling x10  
  80  7:10  Mutalisk  
  80  7:11  Mutalisk x2  
  74  7:34  Drone x4  
  74  7:35  Drone x4  
  74  7:36  Queen  
  83  7:39  Extractor  
  76  7:55  Mutalisk  
  76  7:56  Mutalisk x3  
Show
View Real Time Build Order
Export as new Build Order

SeoulFallen Zerg 

Build Orders: Hatch First 

Get SALT Encoding   

  12  0:01  Drone  
  13  0:12  Overlord  
  13  0:17  Drone  
  14  0:31  Drone x2  
  16  0:52  Hatchery  
  15  1:02  Spawning Pool  
  14  1:05  Drone  
  14  1:11  Drone  
  16  1:15  Drone, Extractor  
  16  1:19  Drone  
  17  1:27  Overlord  
  17  1:39  Drone  
  18  1:49  Queen  
  18  1:50  Zergling x2  
  21  2:03  Drone  
  21  2:04  Queen  
  21  2:06  Drone  
  25  2:15  Drone x2  
  27  2:18  Metabolic Boost  
  27  2:22  Drone  
  28  2:29  Drone  
  29  2:34  Queen  
  31  2:43  Zergling x6  
  33  2:48  Baneling Nest  
  33  2:49  Zergling x2  
  33  2:53  Zergling x2  
  34  2:58  Drone  
  34  3:00  Overlord  
  35  3:18  Queen  
  37  3:21  Drone x5  
  42  3:42  Drone  
  42  3:43  Overlord x2  
  42  3:44  Roach Warren  
  42  3:49  Drone  
  43  4:05  Drone  
  43  4:06  Drone x4  
  43  4:09  Drone x2  
  46  4:10  Drone  
  47  4:18  Zergling x8  
  47  4:23  Zergling x8  
  55  4:33  Zergling x4  
  57  4:39  Baneling x2  
  57  4:40  Zergling x4  
  57  4:41  Zergling x2  
  59  4:49  Lair  
  59  4:51  Extractor  
  59  4:52  Drone x2, Extractor x2  
  58  4:53  Drone  
  58  4:55  Overlord  
  58  4:56  Overlord  
  58  4:59  Baneling x3  
  59  5:01  Baneling  
  59  5:02  Baneling x2  
  59  5:06  Drone, Overlord  
  59  5:30  Roach x4  
  59  5:31  Roach  
  59  5:32  Drone x3  
  72  5:36  Queen  
  72  5:38  Spore Crawler  
  72  5:39  Drone  
  72  5:40  Drone x2  
  76  5:50  Glial Reconstitution  
  74  5:58  Roach x3  
  74  5:59  Roach  
  74  6:00  Overlord  
  82  6:23  Roach x3  
  82  6:24  Hatchery, Roach, Zergling x2  
  82  6:25  Overlord  
  90  6:32  Drone, Overlord  
  91  6:34  Evolution Chamber  
  91  6:36  Overlord  
  90  6:41  Ravager  
  90  6:45  Ravager x4  
  95  6:47  Drone x4  
  95  6:51  Overlord  
  92  7:10  Roach x3  
  92  7:11  Roach x4  
  95  7:20  Hydralisk Den  
  76  7:32  Spore Crawler, Overlord, Drone x2  
  77  7:37  Drone x3  
  80  7:51  Drone x3  
  82  7:55  Hydralisk x2  
  82  7:57  Hydralisk x6  
Tags
 
Add a new tag
Caveats
  • Supply blocks, unpowered buildings, or Contaminate may cause inaccurate times.
  • Supply counts are checked every 10 seconds.